 Dungeon Crawl Stone Soup version 0.18.1-1-g2f07953 (webtiles) character file.

91 oplop the Sneak (level 4, -1/21 HPs)
             Began as a Vine Stalker Enchanter on May 7, 2016.
             Slain by a crocodile (10 damage)
             ... on level 4 of the Dungeon.
             The game lasted 00:04:21 (1781 turns).

oplop the Sneak (Vine Stalker Enchanter)            Turns: 1781, Time: 00:04:22

Health: -1/21      AC:  5    Str: 14    XL:     4   Next: 57%
Magic:  0/8        EV: 12    Int: 15    God:
Gold:   239        SH:  0    Dex: 15    Spells: 2 memorised, 5 levels left

rFire  . . .     SeeInvis .     p - +0 rapier (vamp)
rCold  . . .     Gourm    .     b - +1 robe
rNeg   . . .     Faith    .     (no shield)
rPois  .         Spirit   +     (no helmet)
rElec  .         Dismiss  .     o - +0 cloak
rCorr  .         Reflect  .     (no gloves)
SustAt .         Harm     .     y - +0 pair of boots
MR     .....                    l - amulet of magic regeneration
Stlth  +++.......               (no ring)
                                k - +3 ring of strength

@: very slightly contaminated, not resistant to hostile enchantments, fairly
stealthy
A: fangs 2, regeneration 1, magic shield, antimagic bite, no device heal 3, rot
immunity
a: no special abilities


You were on level 4 of the Dungeon.
You were not hungry.

You visited 1 branch of the dungeon, and saw 4 of its levels.

You collected 239 gold pieces.

Inventory:

Hand Weapons
 a - a +1 dagger
 p - a +0 vampiric rapier (weapon)
Missiles
 i - 5 needles of paralysis
Armour
 b - a +1 robe (worn)
 o - a +0 cloak (worn)
 y - a +0 pair of boots (worn)
Jewellery
 k - a +3 ring of strength (left hand)
 l - an amulet of magic regeneration (around neck)
 u - an uncursed amulet of dismissal
Wands
 t - a wand of enslavement (15/24)
Scrolls
 d - a scroll of random uselessness {unknown}
 e - 8 scrolls of identify {unknown}
 g - 2 scrolls of enchant armour {unknown}
 h - 3 scrolls of magic mapping {unknown}
 j - a scroll of remove curse {unknown}
 s - a scroll of amnesia {unknown}
 v - 2 scrolls of teleportation {unknown}
 w - a scroll of blinking {unknown}
Potions
 f - a potion of cancellation
 r - a potion of might
 x - a potion of haste {unknown}
Books
 c - a book of Maledictions

   Spells                             Type                      Level
   a - Corona                         Hexes                        1
   b - Ensorcelled Hibernation        Hexes/Ice                    2
   c - Confuse                        Hexes                        3
   d - Tukima's Dance                 Hexes                        3
   e - Dazzling Spray                 Conjuration/Hexes            3
Comestibles
 m - 3 fruits
 q - a bread ration
 z - a beef jerky
 A - a meat ration


   Skills:
 + Level 1.8 Short Blades
 - Level 1.5 Dodging
 + Level 4.3 Stealth
 + Level 2.5 Spellcasting
 * Level 4.1 Hexes


You had 5 spell levels left.
You knew the following spells:

 Your Spells              Type           Power        Failure   Level  Hunger
a - Corona                Hex            ##.....      4%          1    #......
b - Ensorcelled Hibernat  Hex/Ice        #.....       14%         2    ###....


Dungeon Overview and Level Annotations

Branches:
Dungeon (4/15)
 Temple: D:4-7

Altars:
Sif Muna


Innate Abilities, Weirdness & Mutations

You have extremely sharp teeth.
Your natural rate of healing is unusually fast.
When hurt, damage is shared between your health and your magic reserves.
Your bite disrupts and absorbs the magic of your enemies.
Potions and wands cannot restore your health.
You are immune to rotting.


Message History

A crocodile is nearby!
A crocodile is nearby!
A crocodile is nearby!
Found a scroll labeled OLAIXI YMMOIJ.
You hit the crocodile but do no damage. Your bite misses the crocodile.
The crocodile misses you.
You hit the crocodile but do no damage. You bite the crocodile.
You drain its power.
The crocodile is lightly wounded.
The crocodile bites you!!
Ouch! That really hurt!
Casting: Ensorcelled Hibernation
Confirm with . or Enter, or press ? or * to list all spells.
Aiming: Ensorcelled Hibernation
Press: ? - help, Shift-Dir - straight line, f - crocodile
Aim: a crocodile (lightly wounded, chance to defeat MR: 39%)
You miscast Ensorcelled Hibernation.
You are very lightly contaminated with residual magic.
Your hands feel numb with cold.
The crocodile bites you!
You die...

#................
#................
#.######.........
...######.........
..........†........
...............####.
...............#
............#
..........@.#
########...t#
.........
#..........#
#?.........#
#..........#
#..........#
#####.......


You could see a crocodile.

Vanquished Creatures
  2 adders (D:4)
  An ooze (D:3)
  2 worms
  2 dart slugs
  A giant gecko (D:3)
  4 orcs (D:4)
  2 ball pythons
  7 bats
  4 giant cockroaches
  5 goblins
  4 hobgoblins
  3 quokkas (D:4)
  3 giant newts
  4 kobolds
  11 rats
55 creatures vanquished.

Notes
Turn   | Place    | Note
--------------------------------------------------------------
     0 | D:1      | oplop the Vine Stalker Enchanter began the quest for the Orb.
     0 | D:1      | Reached XP level 1. HP: 9/9 MP: 4/4
     9 | D:1      | Noticed a giant frog
    11 | D:1      | Reached skill level 1 in Short Blades
   130 | D:1      | Reached XP level 2. HP: 11/13 MP: 4/6
   302 | D:1      | Learned a level 2 spell: Ensorcelled Hibernation
   917 | D:2      | Reached XP level 3. HP: 16/16 MP: 7/7
  1302 | D:3      | Found a deep blue altar of Sif Muna.
  1461 | D:4      | Reached XP level 4. HP: 21/21 MP: 5/8
  1776 | D:4      | Noticed a crocodile
  1781 | D:4      | Slain by a crocodile

Skill      XL: |  1  2  3  4 |
---------------+-------------+-----
Short Blades   | 1 |  1.8
Stealth        | 4 |  4.3
Hexes          | 4 |  4.1
Dodging        | |  1.5
Spellcasting   | |  2.5

Action                   |  1- 3 |  4- 6 || total
-------------------------+-------+-------++-------
Melee: Dagger            |    81 |       ||    81
       Bite              |    31 |     7 ||    38
       Rapier            |    52 |    25 ||    77
 Cast: Corona            |     1 |       ||     1
       Ensorcelled Hiber |     1 |     6 ||     7
  Use: Potion            |       |     3 ||     3
 Stab: Sleeping          |    12 |     4 ||    16
  Eat: Chunk             |     1 |     3 ||     4
       Bread ration      |     1 |       ||     1
Armor: Robe              |    33 |     5 ||    38
Dodge: Dodged            |    86 |    22 ||   108
